 Dungeon Crawl Stone Soup version 0.18.1-5-g4a78601 (webtiles) character file.

89 tyvek the Insei (level 4, 24/24 HPs)
             Began as a Vine Stalker Monk on May 14, 2016.
             Quit the game on level 3 of the Dungeon.
             The game lasted 00:03:50 (1970 turns).

tyvek the Insei (Vine Stalker Monk)                 Turns: 1970, Time: 00:03:51

Health: 24/24      AC:  3    Str: 15    XL:     4   Next: 55%
Magic:  5/5        EV: 13    Int: 10    God:
Gold:   112        SH:  0    Dex: 16    Spells: 0 memorised, 3 levels left

rFire  . . .     SeeInvis .       - Unarmed
rCold  . . .     Gourm    .     e - +0 leather armour
rNeg   . . .     Faith    .     (no shield)
rPois  .         Spirit   +     (no helmet)
rElec  .         Dismiss  .     (no cloak)
rCorr  .         Reflect  .     (no gloves)
SustAt .         Harm     .     (no boots)
MR     .....                    i - amulet of inaccuracy (curse)
Stlth  ++........               (no ring)
                                (no ring)

@: not resistant to hostile enchantments, unstealthy
A: fangs 2, regeneration 1, magic shield, antimagic bite, no device heal 3, rot
immunity
a: no special abilities


You were on level 3 of the Dungeon.
You were not hungry.

You visited 1 branch of the dungeon, and saw 3 of its levels.

You collected 112 gold pieces.

Inventory:

Armour
 e - a +0 leather armour (worn)
   (You found it on level 1 of the Dungeon)
 j - a +3 leather armour
   (You took it off an orc on level 3 of the Dungeon)
Jewellery
 i - a cursed amulet of inaccuracy (around neck)
   (You found it on level 3 of the Dungeon)
Scrolls
 a - a scroll of fog
 k - 3 scrolls of identify
Potions
 d - a potion of resistance
 f - a potion of cancellation {unknown}
 g - a potion of magic {unknown}
 h - a potion of beneficial mutation {unknown}
 n - 2 potions of berserk rage {unknown}
Comestibles
 b - 2 bread rations {@e1}
 c - 3 slices of pizza
 l - a chunk of flesh {@w0}


   Skills:
 + Level 3.2 Fighting
 + Level 3.1 Dodging
 - Level 2.4 Stealth
 * Level 4.9 Unarmed Combat


You had 3 spell levels left.
You didn't know any spells.

Dungeon Overview and Level Annotations

Branches:
Dungeon (3/15)

Altars:
Ashenzari


Innate Abilities, Weirdness & Mutations

You have extremely sharp teeth.
Your natural rate of healing is unusually fast.
When hurt, damage is shared between your health and your magic reserves.
Your bite disrupts and absorbs the magic of your enemies.
Potions and wands cannot restore your health.
You are immune to rotting.


Message History

The dart slug launches a dart at you. The slug dart hits you!
You take 3 damage, and have 21/24 hp.
You now have 4/5 mp.
You hit the dart slug.
You kill the dart slug!
No target in view!
You are feeling very hungry.
A hobgoblin comes into view. It is wielding a club.
Health restored: 24; MP restored: 5 A hobgoblin is nearby!
A hobgoblin is nearby!
A hobgoblin is nearby!
The hobgoblin shouts!
You hit the hobgoblin.
You bite the hobgoblin, but do no damage.
The hobgoblin closely misses you.
You completely miss the hobgoblin.
You bite the hobgoblin, but do no damage.
The hobgoblin hits you with a club.
You take 3 damage, and have 21/24 hp.
You closely miss the hobgoblin.
You punch the hobgoblin, but do no damage.
The hobgoblin closely misses you.
You barely miss the hobgoblin.
You bite the hobgoblin, but do no damage.
The hobgoblin closely misses you.
You hit the hobgoblin but do no damage. You hit the hobgoblin but do no damage.
You punch the hobgoblin.
You bite the hobgoblin, but do no damage.
The hobgoblin misses you.
You hit the hobgoblin.
You kill the hobgoblin!
No target in view!
Things that are here:
a club; a hobgoblin corpse You butcher the hobgoblin corpse.
l - 2 chunks of flesh {@w0} You see here a club.
Eating one of 2 chunks of flesh {@w0}.
You continue eating. x2
You see here a club.
A quokka comes into view.
Health restored: 24 A quokka is nearby!
A quokka is nearby!
A quokka is nearby!
The helpless quokka fails to defend itself.
You punch the quokka!
You kill the quokka!
No target in view!
No target in view!
No target in view!
No target in view!
No target in view!
No target in view!
A giant cockroach comes into view.
A giant cockroach is nearby!
A giant cockroach is nearby!
A giant cockroach is nearby!
The giant cockroach closely misses you. The giant cockroach barely misses you.
You hit the giant cockroach.
You kill the giant cockroach!
No target in view!
No target in view!
You see here a giant cockroach corpse.
A quokka comes into view.
A quokka is nearby!
A quokka is nearby!
You closely miss the quokka. You bite the quokka. You drain its power.
You kill the quokka!
No target in view!
No target in view!
No target in view!
You see here a quokka corpse.
You open the door.
A hobgoblin comes into view.
A hobgoblin is nearby!
A hobgoblin is nearby!
A hobgoblin is nearby!
There is an open door here.
The hobgoblin shouts!
The hobgoblin closely misses you.
You closely miss the hobgoblin.
You bite the hobgoblin, but do no damage.
You barely miss the hobgoblin. You bite the hobgoblin. You drain its power.
The hobgoblin hits you.
You take 1 damage, and have 23/24 hp.
You hit the hobgoblin.
You kill the hobgoblin!
Health restored: 24 No target in view!
You now have 112 gold pieces (gained 7).
You open the door.
There is an open door here.
You found a teleport trap!
Put on which piece of jewellery? (? for menu, Esc to quit)
Oops, that amulet feels deathly cold.
i - a cursed amulet of inaccuracy (around neck) Put on which piece of jewellery? (? for menu, Esc to quit)
Okay, then.

### ##.#####
#####......
........^# #..@#
##.## #.# #. #.# .##.
##'## ... ##...##
###.#########.....##
#.........##.....).##
#.#....##.#.........#


There were no monsters in sight!

Vanquished Creatures
  An adder (D:2)
  A worm (D:3)
  6 dart slugs
  2 giant geckos
  4 orcs (D:3)
  A ball python (D:1)
  A giant cockroach (D:3)
  9 hobgoblins
  3 jackals (D:1)
  2 quokkas (D:3)
  6 bats
  2 giant newts (D:1)
  3 goblins
  9 kobolds
  7 rats
57 creatures vanquished.

Notes
Turn   | Place    | Note
--------------------------------------------------------------
     0 | D:1      | tyvek the Vine Stalker Monk began the quest for the Orb.
     0 | D:1      | Reached XP level 1. HP: 11/11 MP: 2/2
   111 | D:1      | Reached XP level 2. HP: 14/16 MP: 3/3
   428 | D:1      | Reached XP level 3. HP: 17/19 MP: 4/4
   451 | D:1      | Found a shattered altar of Ashenzari.
   513 | D:1      | Reached skill level 3 in Fighting
  1269 | D:2      | Reached XP level 4. HP: 24/24 MP: 5/5
  1355 | D:3      | HP: 5/24 [orc/flail (5)]
  1368 | D:3      | HP: 6/24 [orc/flail (2)]
  1382 | D:3      | Reached skill level 3 in Dodging
  1383 | D:3      | HP: 6/24 [orc/mace (2)]
  1970 | D:3      | Quit the game

Skill      XL: |  1  2  3  4 |
---------------+-------------+-----
Fighting       | 3 |  3.2
Dodging        | 3 |  3.1
Stealth        | |  2.4
Unarmed Combat | |  4.9

Action                   |  1- 3 |  4- 6 || total
-------------------------+-------+-------++-------
Melee: Unarmed           |    89 |    74 ||   163
       Bite              |    22 |    19 ||    41
       Punch             |     1 |     3 ||     4
  Use: Scroll            |     2 |     3 ||     5
 Stab: Sleeping          |     1 |     2 ||     3
       Distracted        |     1 |       ||     1
  Eat: Chunk             |     1 |     2 ||     3
Armor: Robe              |     7 |       ||     7
       Leather armour    |     5 |    11 ||    16
Dodge: Dodged            |    61 |    52 ||   113

Vault maps used:
D:1:      matt_arrival_los_fun, minmay_misc_feat_square, st_stairs_9,
          serial_bayou_pond_a, minivault_4, nicolae_ashenzari_panopticon

Table legend:
 A = Turns spent in this place as a percentage of turns spent in the entire game.
 B = Non-inter-level travel turns spent in this place as a percentage of non-inter-level travel turns spent in the entire game.
 C = Inter-level travel turns spent in this place as a percentage of turns spent in this place.
 D = Turns resting spent in this place as a percentage of non-inter-level travel turns spent in this place.
 E = Turns spent auto-exploring this place as a percentage of non-inter-level travel turns spent in this place.
 F = Non-inter-level travel turns spent in this place divided by the number of levels of this place that you've seen.
                   A       B       C       D       E      F
               +-------+-------+-------+-------+-------+----------------------
         Total | 100.0 | 100.0 |   0.3 |   1.3 |  17.6 | 225.7
       Dungeon | 100.0 | 100.0 |   0.3 |   1.3 |  17.6 | 225.7
               +-------+-------+-------+-------+-------+----------------------

Table legend:
 A = Kills in this place as a percentage of kills in entire the game.
 B = Kills by you in this place as a percentage of kills by you in the entire game.
 C = Kills by friends in this place as a percentage of kills by friends in the entire game.
 D = Other kills in this place as a percentage of other kills in the entire game.
 E = Experience gained in this place as a percentage of experience gained in the entire game.
 F = Experience gained in this place divided by the number of levels of this place that you have seen.
                   A       B       C       D       E      F
               +-------+-------+-------+-------+-------+----------------------
         Total | 100.0 | 100.0 |  -nan |  -nan | 100.0 |  42.7
       Dungeon | 100.0 | 100.0 |  -nan |  -nan | 100.0 |  42.7
               +-------+-------+-------+-------+-------+----------------------
